Map: Catalyst LE

Players

meowmeowcute - Winner!

  • Race: Protoss Protoss
  • Spawn Location: 11:00

VOD

Have the link to the VOD?

Description

Time

  • Played on: Dec. 20, 2017, 4:03 p.m.
  • Length: 30:05
Show
View Real Time Build Order
Export as new Build Order

meowmeowcute Protoss - Winner!

Build Orders:  

Get SALT Encoding   

  12  0:25  Probe (Chrono Boost)  
  12  0:27  Pylon  
  13  0:34  Assimilator  
  13  1:00  Gateway  
  13  1:12  Forge  
  13  1:19  Probe (Chrono Boost)  
  14  1:45  Pylon  
  15  1:50  Probe (Chrono Boost)  
  15  2:16  Probe (Chrono Boost)  
  16  2:20  Cybernetics Core  
  16  2:28  Probe (Chrono Boost)  
  17  2:46  Pylon  
  17  2:49  Zealot (Chrono Boost)  
  17  2:52  Assimilator  
  17  2:54  Probe (Chrono Boost)  
  20  3:19  Probe  
  21  3:27  Sentry (Chrono Boost)  
  23  3:36  Probe  
  24  3:54  Gateway  
  26  4:04  Zealot (Chrono Boost)  
  26  4:05  Photon Cannon  
  26  4:08  Photon Cannon  
  26  4:16  Probe  
  27  4:33  Probe  
  27  4:39  Stargate  
  28  4:50  Probe  
  29  5:07  Zealot (Chrono Boost)  
  33  5:10  Stalker (Chrono Boost)  
  33  5:29  Robotics Facility  
  33  5:38  Pylon  
  33  6:02  Pylon  
  33  6:04  Probe  
  36  6:14  Zealot (Chrono Boost)  
  36  6:30  Fleet Beacon  
  36  6:44  Twilight Council  
  36  6:51  Phoenix  
  44  7:10  Immortal  
  42  7:24  Pylon  
  42  7:39  Stalker (Chrono Boost)  
  44  7:48  Pylon  
  44  8:01  Pylon  
  44  8:05  Pylon  
  44  8:11  Protoss Shields Level 1  
  40  9:04  Shield Battery  
  44  9:12  Zealot (Chrono Boost)  
  44  9:13  Immortal  
  44  9:14  Sentry (Chrono Boost)  
  52  10:01  Zealot (Chrono Boost)  
  52  10:04  Nexus, Zealot (Chrono Boost)  
  52  10:17  Assimilator  
  52  10:53  Dark Shrine  
  52  11:09  Zealot (Chrono Boost)  
  52  11:10  Stalker (Chrono Boost), Robotics Bay  
  56  11:20  Probe (Chrono Boost)  
  57  11:33  Probe (Chrono Boost)  
  58  11:45  Probe (Chrono Boost)  
  60  12:00  Tempest  
  60  12:02  Probe (Chrono Boost)  
  66  12:19  Probe (Chrono Boost)  
  67  12:26  Probe (Chrono Boost)  
  68  12:43  Probe (Chrono Boost)  
  70  13:00  Probe (Chrono Boost)  
  70  13:15  Colossus  
  70  13:17  Probe (Chrono Boost)  
  70  13:18  Robotics Facility  
  77  13:34  Probe (Chrono Boost)  
  77  13:38  Assimilator  
  62  14:30  Colossus  
  62  14:37  Pylon  
  68  14:42  Pylon  
  68  14:50  Tempest  
  74  15:12  Probe (Chrono Boost)  
  83  15:28  Immortal  
  83  15:29  Probe (Chrono Boost)  
  88  15:36  Zealot  
  88  15:39  Sentry  
  92  15:46  Probe (Chrono Boost)  
  93  15:50  Tempest  
  99  16:15  Photon Cannon  
  99  16:21  Photon Cannon  
  99  16:25  Photon Cannon  
  99  16:54  Tempest  
  105  17:08  Fleet Beacon  
  105  17:32  Protoss Shields Level 2  
  105  17:37  Protoss Air Armor Level 1  
  105  17:40  Stargate  
  105  17:55  Zealot  
  105  17:56  Unknown  
  105  17:58  Probe (Chrono Boost)  
  108  18:27  Templar Archives  
  108  18:38  Dark Templar  
  108  18:39  Dark Templar  
  112  18:54  Nexus  
  112  19:01  Assimilator  
  112  19:07  Assimilator  
  112  19:14  Immortal  
  116  19:30  Pylon  
  116  19:40  Pylon  
  116  19:44  Pylon  
  116  19:55  Immortal, Carrier  
  126  20:03  Pylon  
  126  20:04  Pylon  
  126  20:14  Photon Cannon  
  126  20:29  Sentry  
  128  20:35  Immortal  
  132  20:57  Pylon  
  132  20:59  Probe (Chrono Boost)  
  133  21:06  Sentry  
  135  21:16  Probe (Chrono Boost)  
  136  21:33  Probe (Chrono Boost)  
  137  21:43  Zealot  
  137  21:47  Zealot  
  142  21:50  Probe (Chrono Boost)  
  142  22:04  Carrier  
  148  22:13  Pylon  
  148  22:14  Pylon  
  148  22:18  Probe (Chrono Boost)  
  149  22:21  Sentry  
  149  22:25  Sentry  
  149  22:29  Photon Cannon  
  153  22:35  Probe (Chrono Boost), Photon Cannon  
  154  22:52  Probe (Chrono Boost)  
  154  22:57  Protoss Ground Armor Level 1  
  154  22:58  Sentry  
  157  23:02  Sentry  
  157  23:07  Protoss Air Weapons Level 1  
  157  23:09  Probe (Chrono Boost)  
  160  23:23  Tempest  
  160  23:26  Probe (Chrono Boost)  
  147  24:58  Carrier  
  151  25:37  Protoss Ground Weapons Level 1  
  151  25:47  Protoss Air Armor Level 2  
  151  26:29  Carrier  
  155  26:35  Zealot  
  155  26:39  Sentry  
  137  26:58  Carrier  
  143  27:13  Zealot  
  135  27:51  Zealot  
  143  28:32  Assimilator  
  143  28:37  Nexus  
  143  29:21  Zealot x2  
  153  29:45  Assimilator  
Tags
 
Add a new tag
Caveats
  • Supply blocks, unpowered buildings, or Contaminate may cause inaccurate times.
  • Supply counts are checked every 10 seconds.